 Dungeon Crawl Stone Soup version 0.20.1-1-g8b1a95d (webtiles) character file.

196 polve the Chopper (level 5, -4/38 HPs)
             Began as a Demonspawn Gladiator on July 18, 2017.
             Slain by polve's ghost (10 damage)
             ... on level 4 of the Dungeon.
             The game lasted 00:02:30 (2790 turns).

polve the Chopper (Demonspawn Gladiator)            Turns: 2790, Time: 00:02:31

Health: -4/38      AC:  6    Str: 20    XL:     5   Next: 45%
Magic:  5/5        EV: 12    Int: 10    God:
Gold:   160        SH:  0    Dex: 18    Spells: 4/4 levels left

rFire    . . .     SeeInvis .   a - +0 war axe
rCold    . . .     Gourm    .   (no shield)
rNeg     . . .     Faith    .   v - +0 ring mail (curse)
rPois    .         Spirit   .   c - +0 helmet
rElec    .         Reflect  .   (no cloak)
rCorr    .         Harm     .   (no gloves)
MR       .....                  (no boots)
Stlth    ++........             (no amulet)
Regen    0.2/turn               (no ring)
MPRegen  0.1/turn               (no ring)

@: mighty
A: hooves 1, thin skeletal structure 2
a: no special abilities


You were on level 4 of the Dungeon.
You were not hungry.

You visited 1 branch of the dungeon, and saw 4 of its levels.

You collected 160 gold pieces.

Inventory:

Hand Weapons
 a - a +0 war axe (weapon)
Missiles
 d - 3 throwing nets (quivered)
Armour
 c - a +0 helmet (worn)
 v - a cursed +0 ring mail (worn)
Scrolls
 e - 2 scrolls of enchant armour {unknown}
 k - a scroll of enchant weapon
 p - 4 scrolls of teleportation
 q - 2 scrolls of magic mapping
 s - 3 scrolls of identify
 x - a scroll of fog
Potions
 b - a potion of flight {unknown}
 g - a potion of lignification {unknown}
 h - a potion of mutation {unknown}
 i - a potion of curing
 j - a potion of resistance {unknown}
 m - a potion of might
 n - a potion of berserk rage {unknown}
 o - a potion of cancellation {unknown}
 r - 3 potions of brilliance {unknown}
 t - 2 potions of agility {unknown}
 u - a potion of heal wounds {unknown}
Comestibles
 f - a bread ration
 l - 6 fruits


   Skills:
 - Level 2.0 Fighting
 + Level 5.1 Axes
 - Level 1.7 Throwing
 - Level 2.1 Armour
 - Level 2.6 Dodging


You had 4 spell levels left.
You didn't know any spells.

Dungeon Overview and Level Annotations

Branches:
Dungeon (4/15)
 Temple: D:4-7

Altars:
Ashenzari
Hepliaklqana
Makhleb
Nemelex Xobeh
Zin

Annotations:
D:4 polve's ghost, amateur GrFi


Innate Abilities, Weirdness & Mutations

You have large cloven feet.
You have a moderately thin skeletal structure. (Dex +4, Stealth+)


Message History

Polve's ghost whispers, "There is no future for you."
Polve's ghost hits you.
* * * LOW HITPOINT WARNING * * *
You hit polve's ghost but do no damage.
You kick polve's ghost, but do no damage.
Polve's ghost is lightly damaged.
Polve's ghost hits you.
* * * LOW HITPOINT WARNING * * *
You barely miss polve's ghost.
Polve's ghost is lightly damaged.
Polve's ghost barely misses you.
You barely miss polve's ghost. You kick polve's ghost!
Polve's ghost is heavily damaged.
Polve's ghost closely misses you. Polve's ghost hits you!
* * * LOW HITPOINT WARNING * * *
You hit polve's ghost.
You kick polve's ghost, but do no damage.
Polve's ghost is heavily damaged.
Polve's ghost hits you!
You die...

#.....#
###.....# ...
.......# ...
#.....# ....
#.....# ..%..
#.....####.....
#..............
#?....##.......
#......@W......
#####..##......
#<## .....
#...# ####
#..### ...#
####


You could see polve's ghost.

Vanquished Creatures
  A scorpion (D:3)
  A hound (D:3)
  Jessica (D:2)
  3 adders
  2 worms
  2 dart slugs (D:2)
  5 orcs (D:3)
  2 ball pythons
  2 giant cockroaches (D:2)
  4 goblins
  3 hobgoblins
  2 quokkas
  8 bats
  3 frilled lizards
  12 kobolds
  8 rats
59 creatures vanquished.

Notes
Turn   | Place    | Note
-------+----------+-------------------------------------------
     0 | D:1      | polve the Demonspawn Gladiator began the quest for the Orb.
     0 | D:1      | Reached XP level 1. HP: 16/16 MP: 1/1
   106 | D:1      | Reached skill level 3 in Axes
   321 | D:1      | Gained mutation: You have a somewhat thin skeletal structure. (Dex +2, Stealth) [demonic ancestry]
   321 | D:1      | Reached XP level 2. HP: 22/22 MP: 2/2
   796 | D:2      | Found a sparkling altar of Nemelex Xobeh.
   801 | D:2      | Gained mutation: You have large cloven feet. [demonic ancestry]
   801 | D:2      | Reached XP level 3. HP: 18/27 MP: 3/3
  1193 | D:2      | Noticed Jessica
  1198 | D:2      | Killed Jessica
  1198 | D:2      | Reached skill level 4 in Axes
  1198 | D:2      | Reached skill level 1 in Armour
  1198 | D:2      | Gained mutation: You have a moderately thin skeletal structure. (Dex +4, Stealth+) [demonic ancestry]
  1198 | D:2      | Reached XP level 4. HP: 27/33 MP: 4/4
  1609 | D:2      | Found a shattered altar of Ashenzari.
  1801 | D:3      | Reached XP level 5. HP: 38/38 MP: 5/5
  1852 | D:3      | Found a burning altar of Makhleb.
  2049 | D:3      | Reached skill level 5 in Axes
  2113 | D:3      | Found a glowing silver altar of Zin.
  2113 | D:3      | Found a hazy altar of Hepliaklqana.
  2780 | D:4      | Noticed polve's ghost (amateur GrFi)
  2790 | D:4      | Slain by polve's ghost

Skill      XL: |  1  2  3  4  5 |
---------------+----------------+-----
Axes           | 3 4 5 |  5.1
Armour         | 1 2 |  2.1
Fighting       | |  2.0
Throwing       | |  1.7
Dodging        | |  2.6

Action                   |  1- 3 |  4- 6 || total
-------------------------+-------+-------++-------
Melee: War axe           |    74 |    75 ||   149
       Kick              |     8 |    25 ||    33
  Use: Scroll            |       |     5 ||     5
       Potion            |       |     2 ||     2
 Stab: Sleeping          |     1 |     2 ||     3
  Eat: Chunk             |     1 |     5 ||     6
Armor: Leather armour    |    28 |       ||    28
       Scale mail        |     8 |    23 ||    31
       Ring mail         |       |     6 ||     6
Dodge: Dodged            |    53 |    48 ||   101
